 Dungeon Crawl Stone Soup version 0.30.0-10-gfe55d96785 (webtiles) character file.

Game seed: 14661655431995192990

61 trckry the Trooper (level 3, 0/30 HPs)
             Began as a Demonspawn Wanderer on May 13, 2023.
             Was a Follower of Ru.
             Slain by an orc
             ... wielding a +0 trident of venom
              (3 damage)
             ... on level 3 of the Dungeon.
             The game lasted 00:04:26 (1952 turns).

trckry the Trooper (Demonspawn Wanderer)            Turns: 1952, Time: 00:04:26

Health: 0/30       AC:  4    Str: 16    XL:     3   Next: 83%
Magic:  3/3        EV: 11    Int: 11    God:    Ru [*.....]
Gold:   101        SH:  0    Dex: 12    Spells: 2/2 levels left

rFire   + . .        a - +2 mace
rCold   + . .        (no shield)
rNeg    . . .        e - +0 leather armour
rPois   +            (helmet restricted)
rElec   +            (no cloak)
rCorr   +            (no gloves)
SInv    .            c - +0 pair of boots
Will    .....        (no amulet)
Stlth   +            (no ring)
HPRegen 0.25/turn    (no ring)
MPRegen 0.08/turn

%: no passive effects
@: lethally poisoned (0 -> -3), resistant
A: antennae 1, powered by pain 1, no poison magic, no summoning magic, no
transmutations magic
a: Renounce Religion


You were on level 3 of the Dungeon.
You worshipped Ru.
Ru was aware of your devotion.
You visited 1 branch of the dungeon, and saw 3 of its levels.

You collected 101 gold pieces.

Inventory:

Hand Weapons
 a - a +2 mace (weapon)
 h - a +0 sling
 l - a +1 short sword of venom
Missiles
 p - 3 poisoned darts (quivered)
Armour
 c - a +0 pair of boots (worn)
 e - a +0 leather armour (worn)
Jewellery
 r - an amulet of reflection
Scrolls
 b - a scroll of silence
 i - 2 scrolls of enchant armour {unknown}
 j - a scroll of amnesia {unknown}
 k - 2 scrolls of magic mapping {unknown}
 m - a scroll of identify {unknown}
 n - 2 scrolls of teleportation {unknown}
 o - a scroll of poison {unknown}
Potions
 d - a potion of lignification
 f - a potion of brilliance {unknown}
 g - a potion of mutation {unknown}
 q - a potion of resistance


   Skills:
 - Level 4.0 Fighting
 - Level 3.6 Maces & Flails
 - Level 3.0 Armour
 - Level 1.0 Dodging
 * Level 0.6 Unarmed Combat
 - Level 1.0 Evocations


You had 2 spell levels left.
You didn't know any spells.
Your spell library was empty.

Dungeon Overview and Level Annotations

Branches:
Dungeon (3/15) Zot: 16023

Altars:
Ru


Innate Abilities, Weirdness & Mutations

You have a pair of small antennae on your head.
You sometimes gain a little power by taking damage.
You cannot study or cast Poison magic.
You cannot study or cast Summoning magic.
You cannot study or cast Transmutations magic.


Message History

Things that are here:
a +0 club; a goblin corpse You sense a monster nearby.
Health restored: 30 An orc comes into view.
It is wielding a +0 trident of venom and quivering silver boomerangs.
The orc shouts!
The orc barely misses you.
An orc is nearby!
The orc hits you with a +0 trident of venom.
You are poisoned.
You take 6 damage, and have 24/30 hp.
You hit the orc.
The orc is heavily wounded.
You feel very sick. The orc closely misses you.
You take 5 damage, and have 19/30 hp.
You hit the orc but do no damage.
The orc is heavily wounded.
You feel very sick. The orc closely misses you.
You take 3 damage, and have 16/30 hp.
You closely miss the orc.
The orc is heavily wounded.
You feel very sick.
The orc hits you with a +0 trident of venom!
* * * LOW HITPOINT WARNING * * *
The orc is stunned by your conviction and fails to attack.
You take 10 damage, and have 6/30 hp.
MASSIVE DAMAGE!!
You barely miss the orc.
The orc is heavily wounded.
* * * LOW HITPOINT WARNING * * *
You feel sick.
The orc is stunned by your conviction and fails to attack.
You take 2 damage, and have 4/30 hp.
It was a potion of resistance.
You feel protected.
* * * LOW HITPOINT WARNING * * *
You feel sick.
The orc hits you with a +0 trident of venom.
You die...

#.# ..# #.# ...
#.# #.# #+####.#
#......#
#@#.##.########.#
#o#.##.##.......#
.#.#.##.##.#######
................#
..#####.##)####.#
## #.##.# #.##.#
#.##.# #.##.#


You could see an orc.

Vanquished Creatures
  An adder (D:2)
  2 dart slugs (D:2)
  7 endoplasms
  2 giant cockroaches (D:2)
  3 goblins
  5 hobgoblins
  2 jackals (D:1)
  3 quokkas (D:1)
  5 ball pythons
  A bat (D:2)
  3 frilled lizards
  4 kobolds
  7 rats
45 creatures vanquished.

Notes
Turn   | Place    | Note
-------+----------+-------------------------------------------
     0 | D:1      | trckry the Demonspawn Wanderer began the quest for the Orb.
     0 | D:1      | trckry set off with the following items: a +2 mace, a
                  | scroll of silence, a +0 pair of boots, a potion of
                  | lignification, a +0 leather armour.
     0 | D:1      | Reached XP level 1. HP: 19/19 MP: 1/1
    95 | D:1      | Reached skill level 1 in Armour
   126 | D:1      | Gained mutation: You sometimes gain a little power by
                  | taking damage. [demonic ancestry]
   126 | D:1      | Reached XP level 2. HP: 18/25 MP: 2/2
   925 | D:2      | Discovered your monstrous ancestry.
   925 | D:2      | Gained mutation: You have a pair of small antennae on your
                  | head. [demonic ancestry]
   925 | D:2      | Reached XP level 3. HP: 29/30 MP: 3/3
  1411 | D:2      | Found a faded altar of an unknown god.
  1491 | D:2      | Prayed at the altar of an unknown god.
  1491 | D:2      | Became a worshipper of Ru the Awakened
  1496 | D:2      | Gained mutation: You cannot study or cast Poison magic. [Ru
                  | sacrifice]
  1496 | D:2      | Gained mutation: You cannot study or cast Transmutations
                  | magic. [Ru sacrifice]
  1496 | D:2      | Gained mutation: You cannot study or cast Summoning magic.
                  | [Ru sacrifice]
  1496 | D:2      | Reached * piety under Ru
  1951 | D:3      | HP: 4/30 [poisoned by an orc]
  1952 | D:3      | Slain by an orc

Illustrated notes

Levels and vault maps discovered:
D:1:      mrwooster_arrival_statue_2, layout_basic
D:2:      layout_basic, dreamdust_ecumenical_altar_angels_and_demons
D:3:      layout_basic, dreamdust_mushroom_princess, minmay_cut_off

Skill      XL: |  1  2  3 |
---------------+----------+-----
Armour         | 1 2 3 |  3.0
Fighting       | |  4.0
Maces & Flails | |  3.6
Dodging        | |  1.0
Unarmed Combat | |  0.6
Evocations     | |  1.0

Action                     || total
---------------------------++-------
  Melee: Mace              ||   111
 Invoke: Sacrifice Arcana  ||     1
    Use: Potion            ||     1
   Stab: Sleeping          ||     1
 Armour: Leather armour    ||    41
  Dodge: Dodged            ||    48
